 Dungeon Sprint DCSS version 0.16-a0-3761-g2321f2b (console) character file.

550 Monkaria the Grappler (level 7, -3/83 HPs)
             Began as a Troll Fighter on Jan 24, 2015.
             Slain by Sonja
             ... wielding a +0 dagger of distortion
              (16 damage)
             ... in the Dungeon (Sprint I: "Red Sonja").
             The game lasted 00:01:22 (357 turns).

Monkaria the Grappler (Troll Fighter)                Turns: 357, Time: 00:01:23

Health: -3/83      AC:  5    Str: 27    XL:     7   Next: 7%
Magic:  3/3        EV:  7    Int:  4    God:
Gold:   297        SH:  9    Dex:  9    Spells: 0 memorised, 6 levels left

rFire  . . .     SeeInvis .       - Unarmed
rCold  . . .     Clarity  .     b - +0 robe
rNeg   . . .     SustAb   .     c - +0 shield
rPois  .         Gourm    +     (helmet restricted)
rElec  .         Spirit   .     (no cloak)
rCorr  .         Warding  .     (gloves unavailable)
rMut   .         NoTele   +     (boots unavailable)
MR     .....                    (no amulet)
Stlth  +.........               (no ring)
                                (no ring)

@: lethally poisoned, short of breath, very slightly contaminated, hasted and
slowed, not resistant to hostile enchantments, very unstealthy
A: unfitting armour, claws 3, fast metabolism 3, gourmand, regeneration 2,
shaggy fur 1, tough skin 2
a: no special abilities


You were in the Dungeon.
You were very full.

You visited 1 branch You collected 297 gold pieces.

Inventory:

Armour
 b - a +0 robe (worn)
 c - a +0 shield (worn)
Scrolls
 j - a scroll of blinking
Potions
 d - a potion of curing
 e - a potion of might
 f - a potion of heal wounds
 h - 2 potions of magic
 i - a potion of berserk rage
 k - a potion of cure mutation {unknown}
Comestibles
 a - 3 meat rations


   Skills:
 - Level 9.2 Fighting
 - Level 2.4 Armour
 - Level 2.4 Shields
 + Level 11.1 Unarmed Combat


You had 6 spell levels left.
You didn't know any spells.

Dungeon Overview and Level Annotations

Branches:
Dungeon (1/1)

Altars:
Cheibriados
Dithmenos
Elyvilon
Fedhas
Gozag
Kikubaaqudgha
Makhleb
Nemelex Xobeh
Okawaru
Qazlal
Ru
Sif Muna
Trog
Vehumet
Xom
Yredelemnul
Zin
The Shining One
Jiyva

Shops:
D =

Annotations:
D Sonja


Innate Abilities, Weirdness & Mutations

You are too large for most types of armour.
You have claws for hands.
Your metabolism is lightning-fast.
You like to eat raw meat.
You heal very quickly.
You are covered in fur (AC +1).
You have very tough skin (AC +2).


Message History

You feel a strange sense of stasis.
Sonja hits you with an uncursed dagger of distortion.
* * * LOW HITPOINT WARNING * * *
You feel a strange sense of stasis. Sonja hits you but does no damage.
You feel a strange sense of stasis.
There is an open door here.
You claw Sonja!
Sonja begins to bleed from her wounds!
Sonja is heavily wounded.
You feel sick.
Sonja casts a spell.
Sonja blinks!
You feel sick.
Sonja mumbles some strange words.
Sonja blinks!
You close the door.
You feel sick.
Sonja hits you with an uncursed dagger of distortion.
* * * LOW HITPOINT WARNING * * *
Sonja hits you but does no damage. x2
Space warps horribly around you!
You die...

###################
#<.#..').#.)'..#__#
#..').#..'..#..'^.+
#..#####'#####'#__#
#..####..#...#.####
#..#__####..##.#
#..#_..__##'#..+
#⌠⌠#_.∩...'..._#
####_..._##K@#+#
#_____###+# #######
#.# +$.$+ #$.$#
##.## #+#


You could see Sonja (bleeding).

Vanquished Creatures
  A slime creature (D)
  A yak (D)
  An ogre (D)
  Sigmund (D)
  A jelly (D)
  Ijyb (D)
6 creatures vanquished.

Notes
Turn   | Place    | Note
--------------------------------------------------------------
     0 | D        | Monkaria, the Troll Fighter, began the quest for the Orb.
     0 | D        | Reached XP level 1. HP: 22/22 MP: 1/1
     1 | D        | Noticed Ijyb
     7 | D        | Killed Ijyb
     7 | D        | Reached skill level 5 in Unarmed Combat
     7 | D        | Reached XP level 2. HP: 27/29 MP: 1/1
    11 | D        | Noticed an ogre
    16 | D        | Killed an ogre
    16 | D        | Reached skill level 9 in Unarmed Combat
    16 | D        | Reached XP level 3. HP: 18/36 MP: 2/2
    16 | D        | Reached XP level 4. HP: 22/44 MP: 2/2
    64 | D        | Noticed Sigmund
    78 | D        | Killed Sigmund
    78 | D        | Reached skill level 5 in Fighting
    78 | D        | Reached XP level 5. HP: 6/58 MP: 2/2
   177 | D        | Found a snail-covered altar of Cheibriados.
   177 | D        | Found a viscous altar of Jiyva.
   177 | D        | Found a shadowy altar of Dithmenos.
   177 | D        | Found a blossoming altar of Fedhas.
   177 | D        | Noticed a slime creature
   184 | D        | Killed a slime creature
   184 | D        | Reached XP level 6. HP: 13/75 MP: 3/3
   287 | D        | Found a deep blue altar of Sif Muna.
   288 | D        | Noticed a jelly
   289 | D        | Found a radiant altar of Vehumet.
   292 | D        | Killed a jelly
   311 | D        | Found Ghoilol's Jewellery Emporium.
   311 | D        | Found a white marble altar of Elyvilon.
   311 | D        | Found a stormy altar of Qazlal.
   311 | D        | Found a burning altar of Makhleb.
   311 | D        | Found a sacrificial altar of Ru.
   311 | D        | Found a basalt altar of Yredelemnul.
   311 | D        | Found a glowing golden altar of the Shining One.
   311 | D        | Found a sparkling altar of Nemelex Xobeh.
   311 | D        | Found a shimmering altar of Xom.
   311 | D        | Found an opulent altar of Gozag.
   311 | D        | Found an ancient bone altar of Kikubaaqudgha.
   311 | D        | Found a glowing silver altar of Zin.
   311 | D        | Noticed a yak
   316 | D        | Killed a yak
   316 | D        | Reached skill level 11 in Unarmed Combat
   316 | D        | Reached XP level 7. HP: 64/83 MP: 3/3
   317 | D        | Found an iron altar of Okawaru.
   337 | D        | Found a bloodstained altar of Trog.
   346 | D        | Noticed Sonja
   357 | D        | Slain by Sonja

Action                   |  1- 3 |  4- 6 |  7- 9 || total
-------------------------+-------+-------+-------++-------
Melee: Unarmed           |    10 |    20 |     3 ||    33
  Use: Potion            |       |       |     1 ||     1
  Eat: Chunk             |       |     2 |     6 ||     8
